Map: Romanticide LE

Players

GameofDrones

  • Race: Zerg Zerg
  • League: Master
  • Spawn Location: 11:00

MarcoMan - Winner!

  • Race: Protoss Protoss
  • League: Master
  • Spawn Location: 5:00

VOD

Have the link to the VOD?

Description

Time

  • Played on: Jan. 15, 2021, 10:06 a.m.
  • Length: 16:06
Show
View Real Time Build Order
Export as new Build Order

GameofDrones Zerg 

Build Orders: Hatch First, Lurkers 

Get SALT Encoding   

  12  0:01  Drone  
  13  0:15  Overlord  
  13  0:18  Drone  
  14  0:35  Drone x2  
  16  0:55  Drone  
  17  0:57  Drone  
  17  0:58  Hatchery  
  17  1:03  Drone  
  18  1:11  Extractor  
  18  1:17  Spawning Pool  
  16  1:20  Drone  
  17  1:25  Drone  
  17  1:32  Drone  
  19  1:48  Drone  
  20  2:06  Zergling x4  
  22  2:09  Queen  
  22  2:12  Hatchery  
  23  2:18  Queen  
  25  2:24  Metabolic Boost  
  25  2:32  Overlord  
  25  2:34  Drone  
  26  2:40  Zergling x2  
  26  2:43  Drone  
  28  2:52  Drone x3  
  28  2:53  Drone  
  32  3:08  Overlord  
  32  3:09  Drone x3  
  35  3:12  Spore Crawler  
  35  3:17  Overlord  
  35  3:19  Drone  
  35  3:22  Spore Crawler  
  34  3:27  Queen  
  34  3:30  Drone  
  37  3:39  Zergling x6  
  40  3:45  Drone  
  40  3:48  Drone x2  
  43  3:54  Queen  
  45  4:03  Drone x5  
  45  4:04  Drone  
  51  4:11  Lair  
  51  4:16  Zergling x6  
  53  4:27  Baneling Nest  
  53  4:28  Extractor  
  53  4:29  Drone x4  
  55  4:42  Zergling x6  
  55  4:44  Overlord x2  
  58  5:10  Nydus Network  
  57  5:15  Overseer  
  57  5:18  Queen  
  57  5:19  Drone x3  
  57  5:20  Drone x4  
  57  5:21  Overlord  
  66  5:28  Spore Crawler  
  65  5:38  Queen  
  65  5:39  Zergling x14  
  74  5:55  Nydus Canal  
  74  6:00  Baneling x6  
  73  6:13  Overlord x2  
  69  6:31  Nydus Canal  
  67  6:37  Zergling x10  
  67  6:38  Zergling x2  
  69  6:43  Zergling x2  
  69  6:44  Zergling x6, Queen  
  69  6:45  Queen  
  74  6:49  Zergling x4  
  74  6:50  Zergling x12  
  80  6:56  Nydus Canal  
  77  7:04  Drone x5  
  75  7:09  Hydralisk Den  
  75  7:13  Baneling x3  
  75  7:14  Baneling x5  
  72  7:15  Extractor  
  72  7:17  Drone x4  
  72  7:20  Extractor  
  73  7:26  Queen  
  75  7:33  Spore Crawler, Queen  
  76  7:47  Queen  
  76  7:50  Centrifical Hooks  
  78  7:53  Drone x2  
  78  7:54  Drone  
  79  8:01  Queen  
  81  8:09  Queen  
  81  8:11  Overlord x3  
  81  8:12  Overlord x3  
  81  8:22  Overlord x2  
  75  8:38  Hydralisk x7  
  87  8:41  Hydralisk x2  
  87  8:44  Muscular Augments  
  91  8:49  Queen  
  91  8:51  Extractor  
  91  8:55  Extractor  
  91  9:02  Zergling x2, Hatchery  
  91  9:03  Zergling x4  
  91  9:04  Drone x5  
  98  9:16  Drone x6  
  104  9:23  Hydralisk x4  
  112  9:26  Baneling x5  
  112  9:27  Baneling x5  
  112  9:36  Hydralisk x4  
  120  9:44  Overlord x2  
  120  9:45  Spore Crawler  
  120  9:46  Zergling x6  
  120  9:47  Nydus Canal  
  120  9:52  Baneling x3  
  122  9:53  Baneling  
  122  9:55  Overseer  
  122  10:04  Grooved Spines  
  122  10:06  Drone x3  
  124  10:10  Hydralisk x5  
  134  10:24  Zergling x4, Nydus Canal  
  134  10:25  Zergling x16  
  144  10:32  Drone  
  144  10:33  Spore Crawler  
  144  10:35  Infestation Pit  
  144  10:36  Zergling x6  
  144  10:37  Zergling x2  
  147  10:49  Zergling x8  
  151  10:53  Baneling x6  
  151  10:54  Baneling x7  
  151  10:55  Baneling  
  151  11:07  Overlord x6  
  118  11:31  Drone x4  
  118  11:32  Drone x6  
  128  11:36  Extractor  
  128  11:38  Extractor  
  126  11:43  Spire, Hive  
  124  11:55  Evolution Chamber  
  123  12:03  Hydralisk x2  
  123  12:04  Hydralisk x8  
  123  12:05  Hydralisk x2  
  123  12:06  Overseer  
  147  12:09  Overseer  
  147  12:20  Zergling x8  
  151  12:24  Zerg Missile Weapons Level 1  
  151  12:25  Hatchery  
  151  12:28  Evolution Chamber  
  143  12:55  Viper x5, Lurker Den  
  157  13:11  Hydralisk x4  
  157  13:12  Hydralisk x4  
  171  13:18  Zerg Ground Armor Level 1  
  173  13:20  Drone x6  
  173  13:21  Drone x5  
  184  13:32  Hatchery  
  183  13:48  Spore Crawler  
  183  13:49  Drone  
  183  13:50  Spore Crawler  
  183  13:52  Spore Crawler  
  181  13:55  Seismic Spines  
  181  13:57  Lurker x3  
  181  13:58  Spore Crawler x2  
  181  13:59  Spore Crawler  
  181  14:09  Lurker x2  
  183  14:11  Lurker x2  
  183  14:13  Lurker  
  183  14:14  Lurker  
  187  14:27  Spire  
  187  14:28  Drone x3  
  187  14:29  Drone x6  
  187  14:30  Extractor  
  194  14:33  Extractor  
  193  14:38  Hydralisk x3  
  199  14:47  Spore Crawler x2  
  199  14:48  Spore Crawler  
  199  14:49  Spore Crawler x2  
  193  14:56  Zergling x10  
  193  14:57  Zergling x2  
  194  15:06  Overseer  
  192  15:13  Corruptor x5  
  192  15:14  Corruptor x6  
  139  15:30  Corruptor x3  
  139  15:31  Corruptor  
  147  15:39  Drone x5  
  147  15:40  Drone x4  
Show
View Real Time Build Order
Export as new Build Order

MarcoMan Protoss - Winner!

Build Orders: 1 Gate Expand, Oracle Opening, Carriers 

Get SALT Encoding   

  12  0:00  Probe  
  13  0:13  Probe  
  14  0:20  Pylon  
  14  0:25  Probe  
  15  0:38  Probe (Chrono Boost)  
  15  0:40  Gateway  
  16  0:49  Assimilator  
  17  0:50  Probe (Chrono Boost)  
  17  0:55  Probe (Chrono Boost)  
  18  1:04  Probe  
  19  1:22  Nexus  
  20  1:25  Probe  
  20  1:37  Cybernetics Core  
  20  1:39  Probe  
  21  1:45  Assimilator  
  21  1:51  Probe  
  21  1:53  Pylon  
  22  2:03  Probe  
  23  2:10  Adept (Chrono Boost)  
  23  2:14  Warp Gate  
  25  2:20  Probe  
  26  2:32  Probe  
  26  2:33  Adept (Chrono Boost)  
  29  2:38  Probe  
  30  2:44  Stargate  
  30  2:46  Probe  
  30  2:50  Probe  
  33  2:58  Probe  
  33  2:59  Adept (Chrono Boost)  
  33  3:02  Probe  
  36  3:10  Probe  
  36  3:11  Gateway  
  37  3:14  Probe  
  38  3:22  Probe  
  38  3:26  Probe  
  40  3:34  Probe  
  40  3:36  Oracle (Chrono Boost)  
  40  3:38  Pylon, Probe  
  45  3:47  Probe  
  46  3:55  Pylon  
  46  3:56  Probe  
  46  3:59  Probe  
  48  4:08  Probe  
  49  4:11  Probe  
  49  4:15  Nexus  
  49  4:17  Pylon  
  50  4:19  Void Ray (Chrono Boost)  
  50  4:23  Adept  
  52  4:24  Probe x2  
  52  4:27  Assimilator  
  52  4:29  Assimilator  
  58  4:36  Probe  
  58  4:37  Probe  
  59  4:40  Forge  
  59  4:48  Probe  
  59  4:49  Probe  
  61  4:56  Protoss Air Weapons Level 1  
  61  4:59  Void Ray (Chrono Boost)  
  61  5:00  Probe  
  61  5:01  Probe  
  61  5:03  Shield Battery  
  67  5:07  Stargate  
  67  5:13  Probe x2  
  69  5:21  Twilight Council  
  69  5:25  Probe  
  69  5:26  Assimilator, Probe  
  71  5:30  Assimilator  
  71  5:32  Pylon  
  71  5:33  Void Ray (Chrono Boost)  
  71  5:39  Probe x2  
  71  5:40  Probe  
  78  5:49  Photon Cannon  
  78  5:51  Sentry, Probe x2  
  78  5:54  Void Ray  
  78  5:55  Photon Cannon  
  78  5:57  Shield Battery  
  82  6:02  Probe  
  82  6:03  Probe x2  
  89  6:08  Gateway  
  89  6:09  Gateway  
  89  6:18  Photon Cannon  
  89  6:20  Shield Battery  
  86  6:27  Pylon  
  86  6:34  Pylon  
  79  6:44  Void Ray (Chrono Boost)  
  79  6:52  Zealot x2  
  87  6:55  Void Ray (Chrono Boost)  
  85  7:13  Photon Cannon  
  85  7:15  Shield Battery  
  84  7:20  Probe x2  
  84  7:21  Probe, Void Ray  
  87  7:24  Fleet Beacon  
  91  7:33  Probe x2  
  93  7:43  Protoss Air Armor Level 1 (Chrono Boost)  
  93  7:49  Pylon  
  93  7:52  Photon Cannon  
  93  7:53  Photon Cannon  
  93  7:55  Shield Battery  
  93  7:59  Void Ray  
  93  8:00  Zealot x2  
  93  8:01  Zealot  
  93  8:05  Pylon  
  103  8:07  Probe  
  103  8:08  Probe x2  
  106  8:17  Carrier  
  106  8:19  Probe  
  113  8:20  Stargate  
  113  8:21  Photon Cannon  
  113  8:22  Pylon  
  113  8:26  Probe, Robotics Facility  
  111  8:42  Pylon  
  111  8:49  Carrier  
  111  8:51  Probe x3  
  120  9:03  Probe  
  120  9:07  Carrier  
  120  9:08  Probe x2  
  129  9:11  Photon Cannon  
  129  9:13  Photon Cannon  
  129  9:14  Shield Battery  
  129  9:15  Probe  
  130  9:20  Probe x2  
  130  9:21  Pylon, Observer  
  133  9:29  Nexus  
  133  9:41  Carrier  
  133  9:43  Observer  
  140  9:48  Pylon  
  140  9:50  Pylon  
  140  9:53  Protoss Air Weapons Level 2 (Chrono Boost)  
  140  10:04  Pylon  
  140  10:06  Assimilator, Carrier  
  146  10:07  Templar Archives  
  146  10:11  Assimilator  
  146  10:13  Photon Cannon  
  146  10:15  Photon Cannon  
  146  10:17  Gateway  
  146  10:29  Carrier  
  146  10:33  Pylon  
  152  10:36  Pylon  
  152  10:37  Pylon  
  152  10:55  Pylon  
  152  11:00  Photon Cannon  
  152  11:01  Photon Cannon  
  152  11:03  Shield Battery  
  152  11:07  Zealot  
  152  11:08  Zealot x2  
  158  11:30  Carrier (Chrono Boost)  
  158  11:37  Pylon  
  170  11:40  Pylon, Carrier (Chrono Boost)  
  170  11:48  Carrier (Chrono Boost)  
  170  11:53  Psionic Storm  
  172  12:19  Nexus  
  172  12:21  Pylon  
  172  12:22  High Templar  
  172  12:23  High Templar  
  172  12:25  Assimilator  
  172  12:27  Assimilator  
  172  12:29  Pylon  
  176  12:37  Carrier  
  176  12:41  Pylon  
  182  12:44  High Templar  
  184  12:57  Photon Cannon  
  184  12:58  Photon Cannon  
  184  13:00  Photon Cannon  
  184  13:01  Shield Battery  
  184  13:03  Shield Battery  
  184  13:11  Cybernetics Core  
  184  13:18  Carrier  
  190  13:21  Protoss Shields Level 1  
  190  13:24  Protoss Air Weapons Level 3 (Chrono Boost)  
  190  13:45  Charge  
  190  14:16  Carrier  
  196  14:18  High Templar x2  
  200  14:49  Nexus  
  200  14:52  Pylon  
  198  14:53  Stalker, Pylon  
  182  15:30  Unknown  
  182  15:37  Photon Cannon  
  182  15:39  Photon Cannon  
  182  15:41  Photon Cannon  
  182  15:45  Shield Battery  
  182  15:47  Shield Battery  
  182  15:49  Shield Battery  
  182  15:51  Photon Cannon  
  182  15:53  Pylon  
  176  16:00  Nexus  
Tags
 
Add a new tag
Caveats
  • Supply blocks, unpowered buildings, or Contaminate may cause inaccurate times.
  • Supply counts are checked every 10 seconds.